 Dungeon Crawl Stone Soup version 0.30-a0-509-gd016549fea (webtiles) character file.

Game seed: 10994422675603451249

33 Bnni the Vexing (level 3, -1/26 HPs)
             Began as a Formicid Hexslinger on Dec 22, 2022.
             Slain by a hobgoblin (3 damage)
             ... led by Robin
             ... on level 3 of the Dungeon.
             The game lasted 00:02:09 (1578 turns).

Bnni the Vexing (Formicid Hexslinger)               Turns: 1578, Time: 00:02:10

Health: -1/26      AC:  2    Str: 14    XL:     3   Next: 47%
Magic:  3/5        EV: 12    Int: 14    God:
Gold:   114        SH:  0    Dex: 14    Spells: 3/4 levels left

rFire   . . .      SeeInvis +    a - +1 sling
rCold   . . .      Faith    .    (no shield)
rNeg    . . .      Spirit   .    c - +0 robe
rPois   .          Reflect  .    (helmet unavailable)
rElec   .          Harm     .    (no cloak)
rCorr   .          Rampage  .    (no gloves)
Will    .....                    (no boots)
Stlth   +.........               (no amulet)
HPRegen 0.24/turn                (no ring)
MPRegen 0.09/turn                (no ring)

@: lethally poisoned (-1 -> -3), very slightly contaminated
A: permanent stasis, dig shafts and tunnels, antennae 3, four strong arms
a: Dig, Shaft Self


You were on level 3 of the Dungeon.
You visited 1 branch of the dungeon, and saw 3 of its levels.

You collected 114 gold pieces.

Inventory:

Hand Weapons
 a - a +1 sling (weapon)
Missiles
 g - 3 poisoned darts
 k - 2 datura-tipped darts
Armour
 c - a +0 robe (worn)
Scrolls
 b - a scroll of poison
 e - 3 scrolls of identify {unknown}
 f - a scroll of teleportation {unknown}
 h - 3 scrolls of blinking {unknown}
 j - a scroll of magic mapping {unknown}
Potions
 d - 2 potions of heal wounds {unknown}
 i - a potion of curing {unknown}


   Skills:
 + Level 1.6 Fighting
 * Level 2.6 Ranged Weapons
 - Level 1.7 Dodging
 + Level 1.3 Spellcasting
 * Level 4.1 Hexes
 + Level 0.6 Fire Magic


You had 3 spell levels left.
You knew the following spells:

 Your Spells              Type           Power      Damage    Failure   Level
a - Slow                  Hex            48%        N/A       4%          1

Your spell library contained the following spells:

 Spells                   Type           Power      Damage    Failure   Level
 Apportation              Tloc           0%         N/A       26%         1
 Necrotise                Necr           0%         1d4       26%         1
 Shock                    Conj/Air       0%         1d3       26%         1
 Summon Small Mammal      Summ           0%         N/A       26%         1
 Inner Flame              Hex/Fire       7%         N/A       28%         3
 Portal Projectile        Hex/Tloc       12%        N/A       32%         3
 Momentum Strike          Conj/Tloc      0%         3d8       36%         2
 Lesser Beckoning         Tloc           0%         N/A       58%         3
 Cause Fear               Hex            6%         N/A       41%         4
 Airstrike                Air            0%         2d(0-16)  94%         4
 Blink                    Tloc           Unusable   N/A       N/A         2
 Swiftness                Air            Unusable   N/A       N/A         3

Dungeon Overview and Level Annotations

Branches:
Dungeon (3/15)

Altars:

Annotations:
D:3 Robin


Innate Abilities, Weirdness & Mutations

You cannot be hasted, slowed, berserked, paralysed or teleported.
You can dig through walls and to a lower floor.
You have a pair of large antennae on your head. (SInv)
Your four strong arms can wield two-handed weapons with a shield.


Message History

The sling bullet barely misses the hobgoblin.
The sling bullet closely misses the adder.
The sling bullet hits the hobgoblin but does no damage.
The hobgoblin closely misses you.
You shoot a sling bullet. The sling bullet hits the hobgoblin.
You kill the hobgoblin!
The adder bites you.
You are poisoned.
The adder poisons you!
Casting: Slow (safe; 4% risk of failure)
Confirm with . or Enter, or press ? or * to list all spells.
Aiming: Slow (safe; 4% risk of failure)
Press: ? - help, Shift-Dir - straight line, f - adder
Aim: an adder (chance to affect: 54%)
You miscast Slow.
You are very lightly contaminated with residual magic.
Nothing appears to happen.
You feel sick. The adder misses you.
Unknown command.
Casting: Slow (safe; 4% risk of failure)
Confirm with . or Enter, or press ? or * to list all spells.
Aiming: Slow (safe; 4% risk of failure)
Press: ? - help, Shift-Dir - straight line, f/p - adder
Aim: an adder (chance to affect: 54%)
The adder seems to slow down.
You feel sick. The adder bites you.
Unknown command.
You feel sick.
You shoot a sling bullet.
The sling bullet closely misses the hobgoblin.
You feel sick.
You are no longer poisoned.
The hobgoblin hits you. The adder bites you.
You are poisoned.
The adder poisons you! The hobgoblin barely misses you.
You feel sick. Robin throws the goblin at you!
* * * LOW HITPOINT WARNING * * *
The goblin closely misses you. The hobgoblin hits you.
* * * LOW HITPOINT WARNING * * *
* * * LOW HITPOINT WARNING * * *
You feel sick. The goblin closely misses you. The hobgoblin hits you.
You die...

....... .# ###.#.# #
....... .# ..#.#.#.#
.#.#.#. .### #.#....
....... ...# #.#...
.#.#.#.#.#.#########.#.###
.....g...#.#.............#
.#.#g#g{##.##.#..###.#.#.#
g.{{{{{#...g...g.#.#.#<#
.#{#{#{#.#.####g@#.....#
.ggg..g#.#..ggS.g#######
.##.####.######.........


ggg #.# ########## ... ..# ## ### You could see Robin, an adder (slow), 2
hobgoblins and 3 goblins.

Vanquished Creatures
  A worm (D:2)
  5 endoplasms
  3 goblins
  3 hobgoblins
  2 quokkas
  4 ball pythons
  2 bats (D:1)
  2 frilled lizards (D:1)
  3 kobolds (D:1)
  A rat (D:1)
26 creatures vanquished.

Notes
Turn   | Place    | Note
-------+----------+-------------------------------------------
     0 | D:1      | Bnni the Formicid Hexslinger began the quest for the Orb.
     0 | D:1      | Reached XP level 1. HP: 15/15 MP: 2/2
   302 | D:1      | Reached XP level 2. HP: 21/21 MP: 3/3
   582 | D:1      | Reached skill level 4 in Hexes
  1100 | D:2      | Reached XP level 3. HP: 4/26 MP: 2/4
  1561 | D:3      | Noticed Robin
  1578 | D:3      | Slain by a hobgoblin

Illustrated notes

Levels and vault maps discovered:
D:1:      evilmike_arrival_hilbert_curve, layout_loops_ring
D:2:      layout_loops_ring
D:3:      kennysheep_six_static_rooms, layout_basic,
          hellmonk_ecumenical_altar_lost_god, serial_glass, glass_columns_b,
          glass_columns_c, due_unseen_surprise, item_on_display_a,
          lexackson_kobold_supper, uniq_robin, uniq_sigmund

Skill      XL: |  1  2 |
---------------+-------+-----
Hexes          | 4 |  4.1
Fighting       | |  1.6
Ranged Weapons | |  2.6
Dodging        | |  1.7
Spellcasting   | |  1.3
Fire Magic     | |  0.6

Action                   || total
-------------------------++-------
 Fire: Sling             ||    80
 Cast: Slow              ||     6
Armor: Robe              ||     4
Dodge: Dodged            ||    40

Table legend: (Time is in decaauts)
 A = Elapsed time spent in this place.
 B = Non-inter-level travel time spent in this place.
 C = Inter-level travel time spent in this place.
 D = Time resting spent in this place.
 E = Time spent auto-exploring this place.
 F = Levels seen in this place.
 G = Mean time per level.
                   A        B        C        D        E       F      G
               +--------+--------+--------+--------+--------+-----+--------+
         Total |   1601 |   1501 |    100 |    107 |   1174 |   3 |  533.7 |
       Dungeon |   1601 |   1501 |    100 |    107 |   1174 |   3 |  533.7 |
               +--------+--------+--------+--------+--------+-----+--------+

Top non-repeatable levels by time:
     D:1: 868 daAuts
     D:2: 685 daAuts
     D:3: 47 daAuts
